 Dungeon Crawl Stone Soup version 0.32-a0-131-g9dbbe29261 (webtiles) character file.

Game seed: 6145915042288337716

562 hipposaver the Changeling (level 6, -6/51 HPs)
             Began as a Demigod Fighter on Feb 8, 2024.
             Mangled by Pikel
             ... wielding a +0 whip of electrocution
              (8 damage)
             ... on level 4 of the Dungeon.
             The game lasted 00:07:51 (3864 turns).

hipposaver the Changeling (Demigod Fighter)         Turns: 3864, Time: 00:07:52

Health: -6/51      AC:  6    Str: 21    XL:     6   Next: 83%
Magic:  8/8        EV:  9    Int: 10    God:
Gold:   241        SH:  7    Dex: 23    Spells: 5/5 levels left

rFire   . . .        e - +0 hand axe (heavy)
rCold   . . .        c - +1 buckler
rNeg    + . .        b - +0 scale mail
rPois   .            (no helmet)
rElec   .            (no cloak)
rCorr   .            (no gloves)
SInv    .            (no boots)
Will    .....        (no amulet)
Stlth   +            l - +6 ring of dexterity
HPRegen 0.28/turn    n - ring of positive energy
MPRegen 0.11/turn

%: clarity
@: no status effects
A: high MP 1, forlorn, divine attributes, clarity
a: no special abilities


You were on level 4 of the Dungeon.
You visited 1 branch of the dungeon, and saw 4 of its levels.

You collected 241 gold pieces.

Inventory:

Hand Weapons
 a - a +0 war axe
 e - a +0 heavy hand axe (weapon)
Armour
 b - a +0 scale mail (worn)
 c - a +1 buckler (worn)
Jewellery
 l - a +6 ring of dexterity (left hand)
 n - a ring of positive energy (right hand)
Talismans
 h - a serpent talisman
 j - a blade talisman
Scrolls
 d - a scroll of torment {unknown}
Potions
 f - a potion of degeneration {unknown}
 g - 2 potions of brilliance
 i - a potion of ambrosia {unknown}
 k - a potion of berserk rage {unknown}
 m - a potion of invisibility {unknown}
 o - a potion of mutation


   Skills:
 - Level 3.3 Fighting
 - Level 2.6 Axes
 - Level 3.1 Armour
 - Level 3.1 Shields
 + Level 5.2 Shapeshifting


You had 5 spell levels left.
You didn't know any spells.
Your spell library contained the following spells:

 Spells                   Type           Power      Damage    Failure   Level
 Foxfire                  Conj/Fire      0%         2x1d4     77%         1
 Magic Dart               Conj           0%         1d3       77%         1
 Sting                    Conj/Alch      0%         1d3       77%         1
 Blink                    Tloc           0%         N/A       88%         2
 Call Imp                 Summ           0%         N/A       88%         2
 Lesser Beckoning         Tloc           0%         N/A       88%         2
 Mercury Vapours          Alch/Air       0%         N/A       88%         2
 Momentum Strike          Conj/Tloc      0%         3d8       88%         2
 Olgreb's Toxic Radiance  Alch           0%         N/A       100%        4
 Plasma Beam              Fire/Air       0%         2x1d10    100%        6
 Starburst                Conj/Fire      0%         6d3       100%        6


Dungeon Overview and Level Annotations

Branches:
Dungeon (4/15)
 Temple: D:4-7

Shops:
D:3 *

Annotations:
D:3 2 transporters, Ambrosia's ghost, amateur MiHu
D:4 Pikel


Innate Abilities, Weirdness & Mutations

You have an increased reservoir of magic. (+10% MP)
You shall have no god before yourself.
Your divine heritage dramatically boosts your attributes as you level up.
You possess an exceptional clarity of mind.


Message History

The lemure is almost dead.
The lemure closely misses you. You block the lemure's attack.
You closely miss the lemure.
The lemure is almost dead.
The lemure barely misses you.
You closely miss the lemure.
The lemure is almost dead.
The lemure hits you. The lemure barely misses you.
You barely miss the lemure.
The lemure is almost dead.
The lemure hits you. The lemure closely misses you.
You closely miss the lemure.
The lemure is almost dead.
You block the lemure's attack. The lemure hits you but does no damage.
You hit the lemure.
You kill the lemure!
That felt strangely unrewarding.
Pikel hits you with a +0 whip of electrocution.
You barely miss Pikel. Pikel barely misses you.
You closely miss Pikel.
Pikel hits you with a +0 whip of electrocution. x2
You slash Pikel!
Pikel is heavily wounded.
You block Pikel's attack.
Pikel hits you with a +0 whip of electrocution!
You hit Pikel.
Pikel is heavily wounded.
Pikel hits you but does no damage. Pikel misses you.
You slash Pikel!
Pikel is almost dead.
Pikel cracks his whip.
Pikel hits you with a +0 whip of electrocution.
You are electrocuted!
* * * LOW HITPOINT WARNING * * *
Pikel hits you but does no damage.
You hit Pikel but do no damage.
Pikel is almost dead.
Pikel hits you with a +0 whip of electrocution!
You die...
Pikel says, "See you in Hell!"

#...##.# ..
#.####.# ## #.#
#)# #.# ##.##
#.###...###
########.........#
.........###...#.#
.#..###..# ##..#.#
#@## ##.#.#
......K#).# #.#.#
....... ..####.#.#
'###'###
..'......# #.# '.
+. .[##.#.#.## #.#
.# #. ..#.......#
#.# #.+##'..#.#.##
#.# #.#..###...##
#.# +.#..####.##
#.#


You could see Pikel.

Vanquished Creatures
  A black bear (D:4)
  A phantom (D:4)
  4 lemures
  A bombardier beetle (D:4)
  5 hounds (D:4)
  An iguana (D:4)
  A sleepcap (D:4)
  9 adders
  3 dart slugs
  2 ribbon worms
  2 orcs (D:4)
  9 ball pythons
  4 bats
  8 endoplasms
  3 giant cockroaches
  6 goblins
  2 hobgoblins
  7 jackals (D:4)
  8 kobolds
  2 quokkas
  3 frilled lizards
  4 rats
86 creatures vanquished.

Notes
Turn   | Place    | Note
-------+----------+-------------------------------------------
     0 | D:1      | hipposaver the Demigod Fighter began the quest for the Orb.
     0 | D:1      | Reached XP level 1. HP: 18/18 MP: 3/3
   253 | D:1      | Reached XP level 2. HP: 25/25 MP: 4/4
   795 | D:2      | Reached XP level 3. HP: 31/31 MP: 5/5
  1722 | D:2      | Reached XP level 4. HP: 36/38 MP: 6/6
  1897 | D:3      | Found Xuoph's General Store.
  2027 | D:3      | Noticed Ambrosia's ghost (amateur MiHu)
  2028 | D:3      | Found a transporter.
  2033 | D:3      | Found a transporter.
  2124 | D:4      | Reached skill level 1 in Shapeshifting
  2309 | D:4      | Reached skill level 2 in Shapeshifting
  2374 | D:4      | Noticed a phantom
  2381 | D:4      | Killed a phantom
  2382 | D:4      | Reached skill level 3 in Shapeshifting
  2382 | D:4      | Reached XP level 5. HP: 45/45 MP: 7/7
  2629 | D:4      | Noticed a black bear
  2635 | D:4      | Killed a black bear
  2636 | D:4      | Reached skill level 4 in Shapeshifting
  2636 | D:4      | Reached XP level 6. HP: 38/51 MP: 8/8
  2710 | D:4      | Noticed Pikel
  2854 | D:3      | Gained mutation: You possess an exceptional clarity of
                  | mind. [potion of mutation]
  3688 | D:4      | Reached skill level 5 in Shapeshifting
  3740 | D:4      | Noticed a hornet
  3740 | D:4      | Noticed a steam dragon
  3863 | D:4      | HP: 2/51 [Pikel/+0 whip of electrocution (15)]
  3864 | D:4      | Mangled by Pikel

Illustrated notes

Levels and vault maps discovered:
D:1:      dpeg_arrival_pits, layout_loops_ring
D:2:      layout_basic
D:3:      layout_rooms, nicolae_overflow_crystal_walls, gammafunk_ghost_arena,
          serial_shops, shop
D:4:      layout_loops_ring, zin_statuary, mainiacjoe_overflow_brackets,
          mainiacjoe_overflow_24_doors, kennysheep_slug_shrine,
          lemuel_round_altar, minmay_divided_ellipse, uniq_pikel

Skill      XL: |  1  2  3  4  5  6 |
---------------+-------------------+-----
Axes           | 2 |  2.6
Fighting       | 3 |  3.3
Armour         | 3 |  3.1
Shields        | 3 |  3.1
Shapeshifting  | 3 4 5 |  5.2

Action                     |  1- 3 |  4- 6 || total
---------------------------+-------+-------++-------
  Melee: War axe           |   158 |     9 ||   167
         Hand axe          |       |   160 ||   160
    Use: Scroll            |     6 |     2 ||     8
         Potion            |       |     2 ||     2
 Armour: Scale mail        |   114 |   177 ||   291
  Dodge: Dodged            |    89 |   105 ||   194
  Block: Buckler           |    56 |    67 ||   123

Table legend: (Time is in decaauts)
 A = Elapsed time spent in this place.
 B = Non-inter-level travel time spent in this place.
 C = Inter-level travel time spent in this place.
 D = Time resting spent in this place.
 E = Time spent auto-exploring this place.
 F = Levels seen in this place.
 G = Mean time per level.
                   A        B        C        D        E       F      G
               +--------+--------+--------+--------+--------+-----+--------+
         Total |   4065 |   3977 |     88 |    979 |   1979 |   4 | 1016.2 |
       Dungeon |   4065 |   3977 |     88 |    979 |   1979 |   4 | 1016.2 |
               +--------+--------+--------+--------+--------+-----+--------+

Top non-repeatable levels by time:
     D:4: 1430 daAuts
     D:2: 1050 daAuts
     D:3: 867 daAuts
     D:1: 718 daAuts
